 Dungeon Crawl Stone Soup version 0.29-a0-923-g6e406bff71 (webtiles) character file.

Game seed: 14068031328038175871

37 Plasmagod the Covered (level 3, -3/33 HPs)
             Began as a Minotaur Fighter on July 28, 2022.
             Was a Follower of Ashenzari.
             Slain by an orc wizard
             ... wielding a +0 dagger
              (4 damage)
             ... on level 3 of the Dungeon.
             The game lasted 00:02:26 (1400 turns).

Plasmagod the Covered (Minotaur Fighter)            Turns: 1400, Time: 00:02:26

Health: -3/33      AC:  9    Str: 20    XL:     3   Next: 21%
Magic:  2/2        EV:  9    Int:  5    God:    Ashenzari [*.....]
Gold:   100        SH:  5    Dex: 11    Spells: 2/2 levels left

rFire   . . .      SeeInvis .   a - +0 long sword
rCold   . . .      Faith    .   c - +0 buckler "Astral Embarrassment" {Elem, Fort} (curse)
rNeg    . . .      Spirit   .   b - +0 scale mail of the Restrained Moon {Range, Alch} (curse)
rPois   .          Reflect  .   (helmet restricted)
rElec   .          Harm     .   (no cloak)
rCorr   .          Rampage  .   (no gloves)
Will    .....                   h - +1 pair of boots
Stlth   ..........              (no amulet)
HPRegen 0.11/turn               (no ring)
MPRegen 0.08/turn               (no ring)

@: no status effects
A: horns 2, retaliatory headbutt
a: Renounce Religion, Curse Item, Shatter the Chains


You were on level 3 of the Dungeon.
You worshipped Ashenzari.
Ashenzari was aware of your devotion.
You visited 1 branch of the dungeon, and saw 3 of its levels.

You collected 100 gold pieces.

Inventory:

Hand Weapons
 a - a +0 long sword (weapon)
Armour
 b - the cursed +0 scale mail of the Restrained Moon (worn) {Range, Alch}

   It has a curse which improves the following skills: Ranged Combat: Ranged
   Weapons and Throwing.
   Alchemy:   Poison Magic and Transmutations.
 c - the cursed +0 buckler "Astral Embarrassment" (worn) {Elem, Fort}

   It has a curse which improves the following skills: Elements: Fire Magic, Ice
   Magic, Air Magic and Earth Magic.
   Fortitude: Armour and Shields.
 h - a +1 pair of boots (worn)
Scrolls
 e - a scroll of identify
 f - a scroll of blinking
 g - a scroll of teleportation
Potions
 d - a potion of might


   Skills:
 + Level 4.1 Fighting
 + Level 2.9 Long Blades
 + Level 4.2(5.0) Armour
 + Level 0.3 Dodging
 + Level 4.0(4.8) Shields


You had 2 spell levels left.
You didn't know any spells.
Your spell library contained the following spells:

 Spells                   Type           Power      Damage    Failure   Level
 Airstrike                Air            0%         0-1+      100%        4
 Fulminant Prism          Conj/Hex       0%         3d6       100%        4
 Conjure Ball Lightning   Conj/Air       0%         3x3d6     100%        6


Dungeon Overview and Level Annotations

Branches:
Dungeon (3/15)

Altars:
Ashenzari
Ru


Innate Abilities, Weirdness & Mutations

You have a pair of horns on your head.
You reflexively headbutt those who attack you in melee.


Message History

You resist with significant effort. The orc hits you with a +0 hand axe.
Ashenzari invites you to partake of a vision and a curse of elements and fortitude.
You bump into the crystal wall.
The orc hits you but does no damage.
The orc wizard hits you but does no damage.
The orc hits you with a +0 hand axe.
You closely miss the orc wizard.
The orc wizard is almost dead.
The orc barely misses you.
The orc wizard hits you but does no damage.
The orc closely misses you.
You're too confused to move!
The orc closely misses you. The orc wizard casts a spell at you.
The magic dart hits you!
* * * LOW HITPOINT WARNING * * *
The orc misses you.
You're too confused to move!
You feel less confused. The orc barely misses you.
The orc wizard hits you with a +0 dagger.
* * * LOW HITPOINT WARNING * * *
The orc hits you with a +0 hand axe.
* * * LOW HITPOINT WARNING * * *
Okay, then.
Okay, then.
Okay, then.
You barely miss the orc wizard.
The orc wizard is almost dead.
The orc hits you but does no damage. You block the orc wizard's attack.
The orc hits you but does no damage.
You completely miss the orc wizard.
The orc wizard is almost dead.
The orc hits you with a +0 hand axe.
* * * LOW HITPOINT WARNING * * *
The orc barely misses you. You furiously retaliate!
You headbutt the orc!
You kill the orc!
The orc wizard misses you. The orc wizard barely misses you.
The orc hits you but does no damage. x2
The orc wizard attacks as you move away!
The orc wizard hits you with a +0 dagger.
You die...

##....##..#.....#.#.##
#.....##..............
#.#.#.+......>......##
#.._..###########.....
###.#.# #####. #.....#
#. #.##.######## #. #.
#........# #####. #
##@##+##+# .......
#.ooo.# .......
#..o..# .......
+##+##+ .###### #.....
###..... #.......
+.#####. #.


You could see an orc wizard and 3 orcs.

Vanquished Creatures
  An adder (D:2)
  2 dart slugs (D:2)
  An orc (D:3)
  4 ball pythons
  An endoplasm (D:2)
  A giant cockroach (D:3)
  4 goblins
  3 hobgoblins (D:2)
  3 kobolds
  2 bats
  A rat (D:2)
23 creatures vanquished.

Notes
Turn   | Place    | Note
-------+----------+-------------------------------------------
     0 | D:1      | Plasmagod the Minotaur Fighter began the quest for the Orb.
     0 | D:1      | Reached XP level 1. HP: 19/19 MP: 0/0
    49 | D:1      | Found a faded altar of an unknown god.
    55 | D:1      | Prayed at the altar of an unknown god.
    55 | D:1      | Became a worshipper of Ashenzari the Shackled
    68 | D:1      | Got the Compilation of Fulgurous Concussion
   502 | D:1      | Reached * piety under Ashenzari
   819 | D:2      | Reached XP level 2. HP: 27/27 MP: 1/1
  1127 | D:2      | Reached XP level 3. HP: 33/33 MP: 2/2
  1365 | D:3      | Found a sacrificial altar of Ru.
  1399 | D:3      | HP: 1/33 [orc/+0 hand axe (3)]
  1400 | D:3      | Slain by an orc wizard

Illustrated notes

Levels and vault maps discovered:
D:1:      sevenhm_arrival_forest_fort_large_4, layout_loops_ring,
          hellmonk_ecumenical_altar_lost_god, kennysheep_decorative_pillar,
          bh_walls_and_bars
D:2:      layout_basic, minmay_pentomino_t2
D:3:      layout_basic, lemuel_crystal_altar, mainiacjoe_overflow_24_doors,
          serial_shops, shop, minmay_pentangle

Skill      XL: |  1  2 |
---------------+-------+-----
Armour         | 4 |  4.2
Fighting       | 4 |  4.1
Shields        | 4 |  4.0
Long Blades    | |  2.9
Dodging        | |  0.3

Action                   || total
-------------------------++-------
Melee: Long sword        ||    66
       Headbutt          ||     5
Invok: Curse Item        ||     2
Armor: Scale mail        ||    60
Dodge: Dodged            ||    53
Block: Buckler           ||    20

Table legend: (Time is in decaauts)
 A = Elapsed time spent in this place.
 B = Non-inter-level travel time spent in this place.
 C = Inter-level travel time spent in this place.
 D = Time resting spent in this place.
 E = Time spent auto-exploring this place.
 F = Levels seen in this place.
 G = Mean time per level.
                   A        B        C        D        E       F      G
               +--------+--------+--------+--------+--------+-----+--------+
         Total |   1419 |   1342 |     77 |      0 |   1156 |   3 |  473.0 |
       Dungeon |   1419 |   1342 |     77 |      0 |   1156 |   3 |  473.0 |
               +--------+--------+--------+--------+--------+-----+--------+

Top non-repeatable levels by time:
     D:1: 822 daAuts
     D:2: 521 daAuts
     D:3: 75 daAuts
